Match 25087385
Unlisted

Match 25087385
End
Royal Engineer Section
Construct Section Command Post
Dingo Light Scout Car
Infantry Section
Infantry Section
Construct Platoon Command Post
Humber Armored Car
CMP 15cwt Truck
Selects Air and Sea Battlegroup
Selects Commando Section Paradrop
Selects Commando LMG Section Paradrop
Commando LMG Section Paradrop
Commando LMG Section Paradrop
Selects Supply Surplus
Royal Engineer Section
Commando LMG Section Paradrop
Construct Company Command Post
Selects Centaur Medium Tank
Centaur Medium Tank
Matilda II Heavy Tank
Selects Anti-tank Rocket Loiter
Unlock M3 Grant Medium Tanks
Construct Field Infirmary
Anti-tank Rocket Loiter
Grenade Package
Cory The Gardener
BeeRye
Airandfelt
Eber
TheWolf
Jonatanga
0
0

Comments sign in to comment!

No comments posted yet!